 Dungeon Crawl Stone Soup version 0.30-a0-390-g80c34de65d (webtiles) character file.

Game seed: 6760125438455817735

288625 mandarbmax the Hand of Fortune (level 20, -15/198 HPs)
             Began as a Hill Orc Cinder Acolyte on Dec 4, 2022.
             Was the Champion of Nemelex Xobeh.
             Killed from afar by a deep elf zephyrmancer (33 damage)
             ... with a bolt of lightning
             ... on level 3 of the Elven Halls on Dec 5, 2022.
             The game lasted 02:07:36 (40719 turns).

mandarbmax the Hand of Fortune (HOCA)              Turns: 40719, Time: 02:07:37

Health: -15/198    AC: 48    Str: 43    XL:     20   Next: 70%
Magic:  35/35      EV: 13    Int: 17    God:    Nemelex Xobeh [******]
Gold:   2968       SH:  0    Dex: 12    Spells: 21/21 levels left

rFire   + . .      SeeInvis .    p - +2 executioner's axe (protect)
rCold   + . .      Faith    +    (shield currently unavailable)
rNeg    . . .      Spirit   .    r - +7 plate armour of Rotation {rF+ Dex+4 Slay+3}
rPois   .          Reflect  .    H - +1 helmet "Icoddura" {rC+ Will+ Int+3}
rElec   .          Harm     .    J - +2 cloak
rCorr   .          Rampage  .    O - +1 pair of gloves of Resonance {Dex+2 Stlth+}
Will    +++..                    R - +2 pair of boots "Bobaf" {Regen+ Slay+3}
Stlth   ..........               s - amulet of the Pharaoh's Fist {Faith Regen+ Str+5}
HPRegen 2.13/turn                y - +6 ring of strength
MPRegen 0.24/turn                A - +6 ring of strength

@: lethally poisoned (-15 -> -40), under a protective aura, studying Ice Magic
A: iridescent scales 1, strong-willed 1
}: 2/15 runes: barnacled, gossamer
a: Renounce Religion, Draw Escape, Draw Destruction, Draw Summoning, Triple
Draw, Deal Four, Stack Five


You were on level 3 of the Elven Halls.
You worshipped Nemelex Xobeh.
Nemelex Xobeh was exalted by your worship.
You visited 7 branches of the dungeon, and saw 34 of its levels.
You visited the Abyss 1 time.
You also visited: Ossuary, Bailey, Gauntlet and Ice Cave.

You collected 4794 gold pieces.
You spent 1826 gold pieces at shops.

Inventory:

Hand Weapons
 p - a +2 executioner's axe of protection (weapon)
 I - a +2 battleaxe of freezing
Missiles
 d - 4 throwing nets
Armour
 r - the +7 plate armour of Rotation (worn) {rF+ Dex+4 Slay+3}
   (You found it on level 3 of the Shoals)

   Dex:       It affects your dexterity (+4).
   Slay:      It affects your accuracy & damage with ranged weapons and melee
   (+3).
   rF:        It protects you from fire.
 H - the +1 helmet "Icoddura" (worn) {rC+ Will+ Int+3}
   (You bought it in a shop on level 2 of the Shoals)

   Int:       It affects your intelligence (+3).
   rC:        It protects you from cold.
   Will:      It increases your willpower.
 J - a +2 cloak (worn)
 O - the +1 pair of gloves of Resonance (worn) {Dex+2 Stlth+}
   (You found it in a Gauntlet)

   Dex:       It affects your dexterity (+2).
   Stlth:     It makes you more stealthy.
 R - the +2 pair of boots "Bobaf" (worn) {Regen+ Slay+3}
   (You bought it in a shop on level 2 of the Shoals)

   Slay:      It affects your accuracy & damage with ranged weapons and melee
   (+3).
   Regen:     It increases your rate of health regeneration.
Jewellery
 g - a ring of resist corrosion
 s - the amulet of the Pharaoh's Fist (around neck) {Faith Regen+ Str+5}
   (You bought it in a shop on level 9 of the Dungeon)

   [amulet of faith]

   It allows you to gain divine favour quickly.
   Str:       It affects your strength (+5).
   Regen:     It increases your rate of health regeneration.
 y - a +6 ring of strength (left hand)
 A - a +6 ring of strength (right hand)
 C - the ring "Picyutor" {rF+ rN+ Will+++ Str-2 Slay+3}
   (You took it off a deep elf death mage on level 3 of the Elven Halls)

   [ring of protection from fire]

   Str:       It affects your strength (-2).
   Slay:      It affects your accuracy & damage with ranged weapons and melee
   (+3).
   rF:        It protects you from fire.
   rN:        It protects you from negative energy.
   Will:      It greatly increases your willpower.
 U - a ring of protection from fire
 W - a ring of see invisible
Wands
 a - a wand of digging (11)
 q - a wand of mindburst (10) (quivered)
 t - a wand of light (40)
 w - a wand of charming (36)
 T - a wand of polymorph (4)
 Y - a wand of iceblast (6)
Scrolls
 b - 5 scrolls of blinking
 c - 8 scrolls of teleportation
 j - 2 scrolls of silence
 k - 4 scrolls of poison
 n - 5 scrolls of identify
 o - 4 scrolls of amnesia
 u - 3 scrolls of butterflies
 B - 2 scrolls of summoning
 F - 7 scrolls of enchant armour
 K - 2 scrolls of immolation
 L - 6 scrolls of magic mapping
 M - 4 scrolls of enchant weapon
 P - 8 scrolls of vulnerability
 S - 3 scrolls of fear
Potions
 e - 10 potions of attraction
 f - 4 potions of resistance
 i - 4 potions of brilliance
 l - 7 potions of heal wounds
 m - a potion of berserk rage
 v - 4 potions of haste
 x - 5 potions of mutation
 z - 12 potions of curing
 G - 10 potions of ambrosia
 N - 6 potions of flight
 Q - 5 potions of magic
 X - 3 potions of might
 Z - 2 potions of cancellation
Miscellaneous
 h - a phial of floods
 D - a condenser vane (inert)
 V - a box of beasts


   Skills:
 * Level 21.2 Fighting
 + Level 18.9 Axes
 * Level 19.2 Armour
 + Level 9.8 Dodging
 - Level 9.0 Shields
 - Level 1.0 Spellcasting
 - Level 3.2 Fire Magic
 * Level 22.5 Invocations
 + Level 6.9 Evocations


You had 21 spell levels left.
You didn't know any spells.
Your spell library contained the following spells:

 Spells                   Type           Power      Damage    Failure   Level
 Scorch                   Fire           24%        2d6       24%         2
 Apportation              Tloc           0%         N/A       52%         1
 Magic Dart               Conj           0%         1d3       52%         1
 Sandblast                Erth           0%         2d4       52%         1
 Slow                     Hex            0%         N/A       52%         1
 Sting                    Tmut/Pois      0%         1d3       52%         1
 Summon Small Mammal      Summ           0%         N/A       52%         1
 Blink                    Tloc           0%         N/A       65%         2
 Cigotuvi's Dreadful Rot  Necr/Pois/Air  0%         N/A       65%         2
 Momentum Strike          Conj/Tloc      0%         3d8       65%         2
 Passwall                 Tmut/Erth      0%         N/A       65%         2
 Poisonous Vapours        Pois/Air       0%         N/A       65%         2
 Searing Ray              Conj           0%         2d4       65%         2
 Inner Flame              Hex/Fire       6%         N/A       67%         3
 Ignite Poison            Fire/Tmut/Pois 4%         N/A       75%         3
 Kindle Blastsparks       Fire/Tloc/Air  8%         2d10      75%         3
 Call Canine Familiar     Summ           0%         N/A       87%         3
 Confusing Touch          Hex            0%         N/A       87%         3
 Dazzling Flash           Conj/Hex       0%         N/A       87%         3
 Lesser Beckoning         Tloc           0%         N/A       87%         3
 Ozocubu's Armour         Ice            0%         N/A       87%         3
 Portal Projectile        Hex/Tloc       0%         N/A       87%         3
 Stone Arrow              Conj/Erth      0%         3d7       87%         3
 Summon Guardian Golem    Hex/Summ       0%         N/A       87%         3
 Vampiric Draining        Necr           0%         2d6       87%         3
 Flame Wave               Conj/Fire      6%         2d5       97%         4
 Sticky Flame             Conj/Fire      6%         2d3       97%         4
 Animate Armour           Summ/Erth      0%         N/A       99%         4
 Animate Dead             Necr           0%         N/A       99%         4
 Cause Fear               Hex            0%         N/A       99%         4
 Dispel Undead            Necr           0%         3d6       99%         4
 Fulminant Prism          Conj/Hex       0%         3d5       99%         4
 Iskenderun's Mystic Bla  Conj/Tloc      0%         2d3       99%         4
 Leda's Liquefaction      Hex/Erth       0%         N/A       99%         4
 Olgreb's Toxic Radiance  Pois           0%         N/A       99%         4
 Agony                    Necr           0%         N/A       100%        5
 Borgnjor's Vile Clutch   Necr/Erth      0%         N/A       100%        5
 Fireball                 Conj/Fire      3%         3d4       100%        5
 Iskenderun's Battlesphe  Conj           0%         2d6       100%        5
 Lee's Rapid Deconstruct  Erth           0%         3d4*      100%        5
 Metabolic Englaciation   Hex/Ice        0%         N/A       100%        5
 Silence                  Hex/Air        0%         N/A       100%        5
 Conjure Ball Lightning   Conj/Air       0%         3x3d6     100%        6
 Death Channel            Necr           0%         N/A       100%        6
 Iron Shot                Conj/Erth      0%         9d1       100%        6
 Simulacrum               Ice/Necr       0%         N/A       100%        6
 Orb of Destruction       Conj           0%         9d5       100%        7
 Discord                  Hex            0%         N/A       100%        8
 Ignition                 Fire           6%         3d4       100%        8
 Lehudib's Crystal Spear  Conj/Erth      0%         10d2      100%        8


Dungeon Overview and Level Annotations

Branches:
Dungeon (15/15)            Temple (1/1) D:6            Lair (5/5) D:9
 Shoals (4/4) Lair:3       Spider (4/4) Lair:3        Slime (0/5) Lair:4
    Orc (2/2) D:11            Elf (3/3) Orc:2        Vaults (0/5) D:14
 Depths (0/4) D:15        Ossuary (visited)          Bailey (visited)
  IceCv (visited)         Gauntlet (visited)

Altars:
Ashenzari
Cheibriados
Dithmenos
Elyvilon
Fedhas
Gozag
Hepliaklqana
Kikubaaqudgha
Makhleb
Nemelex Xobeh
Okawaru
Qazlal
Ru
Sif Muna
Trog
Uskayaw
Vehumet
Wu Jian
Xom
Yredelemnul
Zin
Beogh

Shops:
D:1 ?   D:7 *   D:8 **   D:9 =![(=   D:14 *   D:15 :   Orc:2 :([(   Elf:2 ((=
Shoals:2 [   Shoals:4 [


Innate Abilities, Weirdness & Mutations

You are partially covered in iridescent scales. (AC +2)
You are strong-willed. (Will+)


Message History

The deep elf zephyrmancer appears confused.
The deep elf annihilator is engulfed in noxious fumes. x2
The deep elf high priest is engulfed in noxious fumes.
The deep elf high priest appears confused.
The deep elf high priest barely misses the deep elf master archer.
The deep elf death mage is engulfed in noxious fumes.
The deep elf death mage hits the six-headed hydra with a +0 long sword!
The deep elf death mage hits itself with a +0 long sword.
The deep elf demonologist is engulfed in noxious fumes.
The deep elf demonologist hits the deep elf zephyrmancer with a +0 long sword!
The shock serpent is engulfed in noxious fumes.
The shock serpent barely misses the deep elf annihilator.
Unknown command.
You slash the deep elf death mage!
The deep elf death mage is moderately wounded.
You hack one of the six-headed hydra's heads off!
The five-headed hydra grows two more!
You hit the seven-headed hydra.
You are engulfed in dark miasma.
You are lethally poisoned!
* * * LOW HITPOINT WARNING * * *
Your surroundings suddenly seem different.
A deep elf demonologist, a deep elf knight and a deep elf zephyrmancer come into view.
The deep elf demonologist is wielding a staff of air.
The deep elf knight is wielding the +7 great mace "Undeadhunter" {disrupt, rN+}.
Found 8 stones.
* * * LOW HITPOINT WARNING * * *
You feel extremely sick.
The sixfirhy is engulfed in noxious fumes.
The sixfirhy barely misses the deep elf demonologist.
The sixfirhy is engulfed in noxious fumes.
The sixfirhy appears confused.
The sixfirhy is engulfed in noxious fumes. x3
The alligator snapping turtle is engulfed in noxious fumes.
The alligator snapping turtle appears confused.
The alligator snapping turtle bites something!!
The alligator snapping turtle bites itself but does no damage.
The sixfirhy is engulfed in noxious fumes.
The deep elf zephyrmancer casts a spell at you.
The bolt of lightning hits you!!
You die...
Your body disappears without a glow.

***,,,,,**,,,**,,,,,*
***,,,,,***,,*,,***,,,,
*,,,,,*##,,,,,*,,,***,,
#,,,###..,*,*,***,,,***
#'###...,,,,,,,,,,,,,,*
#.......***,,,,,***,,,,
#......#* **,,,** **,,,
#..⌠...# *,,,* *,,,
#(....@#* **,,,** **,,,
#.......#*#§§§e○#**,,,,
#'###.....§§2§§e,,,,,,*
*,,,###...eeeeS4,,,,***
*,,,,,*##.ee3e4,,,***,,
***,,,,,*##D§t.☼***,,,,
***,,,,,*##k##*,,,,,*
***,,,,#§De#,,,,**#
***,,#§○§#,,***#.


You could see an alligator snapping turtle (confused, misshapen), an ice dragon
(misshapen), a death drake (wandering, blind, catching breath, misshapen), a
deep elf master archer (drained), 2 deep elf demonologists, a deep elf knight, a
deep elf zephyrmancer (empowered) and a sixfirhy (summoned, confused).

Vanquished Creatures
  Jorgrun (Elf:1)
  Zenata (Elf:2)
  2 deep elf blademasters
  A deep elf master archer (Elf:3)
  A kraken (Shoals:1)
  Gastronok (Lair:3)
  Polyphemus (Shoals:3)
  A tentacled starspawn (Abyss:2)
  Frances (Shoals:1)
  Kirke (Shoals:2)
  Ilsuiw (Shoals:3)
  3 deep elf sorcerers
  A storm dragon (D:13)
  5 emperor scorpions
  A broodmother (Spider:4)
  An orc warlord (Orc:2)
  3 ghost moths
  3 deep elf elementalists
  Nessos (Lair:4)
  5 deep elf demonologists (Elf:3)
  2 deep elf annihilators
  A red draconian (Abyss:2)
  A dire elephant (Elf:3)
  4 spark wasps
  5 merfolk impalers
  A blizzard demon (Abyss:2)
  4 deep elf death magi
  4 merfolk javelineers
  Josephine (D:10)
  2 entropy weavers
  A great orb of eyes (Elf:3)
  2 deep elf high priests (Elf:3)
  An ice dragon (Shoals:2)
  A vault guard (D:14)
  A catoblepas (Shoals:3)
  Fannar (Lair:1)
  6 hydras
  9 centaur warriors
  5 radroaches
  2 jorogumos
  7 merfolk avatars
  3 boulder beetles
  5 merfolk aquamancers
  Erica (Lair:1)
  4 two-headed ogres
  20 dancing weapons
  3 satyrs
  6 death yaks
  Urug (D:13)
  2 tengu warriors (D:13)
  A deep troll earth mage (D:13)
  3 orc high priests
  A thrashing horror (Abyss:2)
  19 deep elf knights
  A wretched star (Abyss:2)
  A swamp dragon (Spider:1)
  17 sea snakes
  18 orb spiders
  5 pharaoh ants
  A deep troll (Orc:1)
  2 sun moths (Spider:4)
  2 bog bodies (IceCv)
  6 steelbarb worms
  14 deep elf archers
  A lindwurm (Spider:4)
  An obsidian statue (Gauntlet)
  A necromancer (D:15)
  2 wizards (D:15)
  13 harpies
  30 deep elf zephyrmancers
  33 deep elf pyromancers
  An orc knight (Bailey)
  14 wolf spiders
  19 ugly things
  3 orc sorcerers
  17 manticores
  A worldbinder (Abyss:2)
  5 cyclopes
  A moth of wrath (Spider:4)
  13 fauns
  12 centaur zombies
  16 merfolk sirens
  7 elephants
  5 water nymphs
  2 black mambas
  An ice statue (IceCv)
  Maurice (D:13)
  2 orange demons (Elf:2)
  An eye of devastation (Shoals:3)
  A smoke demon (Abyss:2)
  4 torpor snails
  2 unseen horrors
  17 cane toads
  4 rime drakes
  5 demonic crawlers
  Maggie (D:6)
  A rime drake (shapeshifter) (D:14)
  A freezing wraith (IceCv)
  9 komodo dragons
  A tengu conjurer (D:12)
  An efreet (D:13)
  An ancient zyme (Abyss:2)
  9 polar bears
  A queen bee (Spider:2)
  25 merfolk
  A queen bee (shapeshifter) (Elf:1)
  6 meliai
  2 tyrant leeches
  6 trolls
  9 slime creatures
  8 wind drakes
  A harpy skeleton (D:15)
  15 tarantellas
  6 hornets
  4 meliai zombies (D:12)
  10 snapping turtles
  2 air elementals
  13 dream sheep
  17 jumping spiders
  Sigmund (D:5)
  16 culicivoras
  5 flying skulls (Abyss:2)
  A yak (shapeshifter) (D:15)
  5 shadows
  2 centaur simulacra
  3 vampires
  11 water elementals
  16 fire elementals
  3 ynoxinuls (Abyss:2)
  6 basilisks
  13 spriggans (Lair:5)
  7 wyverns
  The ghost of osoart the Shooter, an amateur MiHu (D:4)
  8 wraiths
  A dire elephant simulacrum (IceCv)
  4 death yak simulacra (IceCv)
  37 yaks
  59 redbacks
  3 steam dragons
  12 vampire mosquitoes
  7 hogs (Shoals:2)
  6 wargs
  Menkaure (D:6)
  2 harpy simulacra (IceCv)
  4 large abominations (Abyss:2)
  3 swamp worms (Gauntlet)
  3 acid dragons
  2 small abominations (Abyss:2)
  Edmund (D:6)
  A floating eye (Spider:1)
  A hell hound (Abyss:2)
  9 water moccasins
  2 sky beasts
  A meliai simulacrum (D:15)
  47 orc warriors
  A black bear (shapeshifter) (Elf:2)
  4 black bears
  8 ogres
  5 boggarts (Lair:5)
  27 wolves
  18 centaurs
  2 kobold brigands
  An elf zombie (Ossuary)
  8 bullfrogs
  A necrophage (D:6)
  5 gnoll sergeants
  A scorpion (shapeshifter) (D:15)
  2 earth elementals
  2 two-headed ogre simulacra (IceCv)
  8 scorpions
  A cane toad simulacrum (IceCv)
  9 wights
  2 elephant simulacra (IceCv)
  17 killer bees
  3 electric eels
  4 howler monkeys
  2 lava snakes (D:8)
  6 hounds
  8 jellies
  2 gnoll boudas
  A human zombie (Ossuary)
  17 orc priests
  6 iguanas
  Ijyb (D:3)
  Natasha (thrice) (D:3)
  3 hell rats
  21 orc wizards
  7 troll simulacra (IceCv)
  A polar bear simulacrum (IceCv)
  4 spriggan simulacra (IceCv)
  A wolf simulacrum (IceCv)
  2 hound zombies (Ossuary)
  4 mummies (Ossuary)
  4 adders
  30 gnolls
  6 naga simulacra (IceCv)
  11 river rats (Lair:2)
  3 shadow imps
  9 white imps (IceCv)
  9 ufetubi
  A worm zombie (D:4)
  2 adder zombies (Ossuary)
  2 worms
  3 dart slugs
  138 orcs
  27 endoplasms
  3 giant cockroaches
  14 goblins
  6 hobgoblins
  2 jackals (Orc:2)
  9 quokkas
  7 ball pythons
  8 bats
  7 frilled lizards
  A goblin zombie (Ossuary)
  2 hobgoblin zombies (Ossuary)
  24 kobolds
  2 kobold zombies (Ossuary)
  9 rats
  A rat zombie (Ossuary)
  2 starspawn tentacles (Abyss:2)
  2 tentacles (Shoals:1)
1483 creatures vanquished.

Vanquished Creatures (collateral kills)
  Saint Roka (Elf:2)
  A minotaur (Gauntlet)
  A merfolk javelineer (Shoals:1)
  A merfolk impaler (Shoals:4)
  An ice dragon (D:11)
  A jorogumo (Spider:2)
  A merfolk avatar (Shoals:4)
  An alligator snapping turtle (Shoals:4)
  A deep elf knight (Elf:2)
  A sun moth (Spider:2)
  An orb spider (Spider:2)
  A mana viper (Shoals:4)
  An orc knight (Bailey)
  A deep elf pyromancer (Elf:2)
  A manticore (Shoals:3)
  A water nymph (Shoals:3)
  A merfolk siren (Shoals:4)
  A meliai (Spider:2)
  2 merfolk (Shoals:4)
  A snapping turtle (Shoals:3)
  2 tarantellas (Spider:2)
  3 jumping spiders
  A culicivora (Spider:2)
  5 redbacks (Spider:2)
  3 centaurs (D:11)
  A bullfrog (Orc:2)
  A jelly (Orc:2)
37 creatures vanquished.

Vanquished Creatures (others)
  Nikola (Elf:2)
  A deep elf sorcerer (Elf:3)
  A deep elf demonologist (Elf:2)
  A merfolk aquamancer (Shoals:2)
  A merfolk avatar (Shoals:1)
  A death yak (Shoals:3)
  2 deep elf knights (Elf:2)
  A lindwurm (Elf:3)
  A deep elf pyromancer (Elf:2)
  A deep elf zephyrmancer (Elf:3)
  A manticore (Shoals:3)
  A jumping spider (Spider:4)
  A culicivora (Spider:2)
  A water elemental (Elf:2)
  2 yaks (D:11)
  A gnoll (D:6)
  2 bushes (D:14)
  83 foxfires
  17 fungi
  191 plants
  2 starspawn tentacles (Abyss:2)
  13 tentacles (Shoals:1)
  29 withered plants
355 creatures vanquished.

Grand Total: 1875 creatures vanquished

Notes
Turn   | Place    | Note
-------+----------+-------------------------------------------
     0 | D:1      | mandarbmax the Hill Orc Cinder Acolyte began the quest for
                  | the Orb.
     0 | D:1      | Reached XP level 1. HP: 19/19 MP: 2/2
   237 | D:1      | Reached XP level 2. HP: 13/27 MP: 3/3
   505 | D:1      | Reached skill level 5 in Axes
   520 | D:1      | Found Cily's Magic Scroll Shop.
   637 | D:1      | Reached XP level 3. HP: 23/33 MP: 4/4
  1120 | D:2      | Found a faded altar of an unknown god.
  1314 | D:2      | Reached XP level 4. HP: 40/40 MP: 5/5
  1705 | D:3      | Noticed a shadow
  1706 | D:3      | Found a shadowy altar of Dithmenos.
  1710 | D:3      | Found a hazy altar of Hepliaklqana.
  2081 | D:3      | Noticed Natasha
  2084 | D:3      | Killed Natasha
  2085 | D:3      | Reached XP level 5. HP: 46/46 MP: 6/6
  2118 | D:3      | Noticed Ijyb
  2135 | D:3      | Killed Ijyb
  2368 | D:3      | Noticed Natasha
  2377 | D:3      | Killed Natasha
  2484 | D:3      | Noticed Natasha
  2498 | D:3      | Killed Natasha
  2529 | D:3      | Found a basalt altar of Yredelemnul.
  2539 | D:3      | Reached XP level 6. HP: 44/52 MP: 7/7
  2787 | D:4      | Found a sand-covered staircase.
  2799 | Ossuary  | Entered an ossuary
  2979 | Ossuary  | Reached XP level 7. HP: 35/59 MP: 8/8
  3080 | D:4      | Reached skill level 10 in Axes
  3186 | D:4      | Found a runed translucent gate.
  3186 | D:4      | Found a runed translucent gate.
  3186 | D:4      | Found a runed translucent gate.
  3189 | D:4      | Identified the +5 scale mail of the Nine Beggars {Drain
                  | rPois Regen+ Int+4}
  3190 | D:4      | Noticed osoart's ghost (amateur MiHu)
  3225 | D:4      | Killed osoart's ghost
  3245 | D:4      | Reached XP level 8. HP: 48/66 MP: 9/9
  3271 | D:4      | Found a roughly hewn altar of Beogh.
  3898 | D:5      | Entered Level 5 of the Dungeon
  4296 | D:5      | Noticed Sigmund
  4306 | D:5      | Killed Sigmund
  4319 | D:5      | Identified the +5 hand axe "Tung" {vorpal, rElec rPois rN++
                  | Int-3}
  4533 | D:5      | Reached skill level 1 in Armour
  4777 | D:6      | Reached skill level 5 in Fighting
  4777 | D:6      | Reached XP level 9. HP: 67/74 MP: 10/10
  4856 | D:6      | Noticed Edmund
  4863 | D:6      | Killed Edmund
  4866 | D:6      | Noticed Menkaure
  4877 | D:6      | Killed Menkaure
  4943 | D:6      | Noticed Maggie
  4977 | D:6      | Killed Maggie
  4978 | D:6      | Reached skill level 5 in Armour
  5069 | D:6      | Found a staircase to the Ecumenical Temple.
  5365 | Temple   | Entered the Ecumenical Temple
  5465 | Temple   | Fell from the grace of Ignis
  5465 | Temple   | Became a worshipper of Nemelex Xobeh the Trickster
  5775 | D:7      | Identified the +1 ring mail "Lewud" {rElec}
  5900 | D:7      | Reached skill level 1 in Invocations
  5946 | D:7      | Found Coss's General Store.
  5960 | D:7      | Reached skill level 2 in Invocations
  5960 | D:7      | Reached XP level 10. HP: 80/89 MP: 11/11
  6124 | D:7      | You fall into a shaft and drop 3 floors!
  6124 | D:10     | Entered Level 10 of the Dungeon
  6150 | D:10     | Noticed Josephine
  6163 | D:10     | Reached skill level 3 in Invocations
  6181 | D:10     | Killed Josephine
  6182 | D:10     | Reached skill level 5 in Invocations
  6247 | D:10     | Found a roughly hewn altar of Beogh.
  6277 | D:10     | Reached skill level 6 in Invocations
  6303 | D:9      | Found Fasun's Armour Boutique.
  6385 | D:10     | Reached * piety under Nemelex Xobeh
  6553 | D:10     | Received a gift from Nemelex Xobeh
  6747 | D:10     | Reached skill level 7 in Invocations
  6871 | D:8      | Found Jehiarhy's General Store.
  6876 | D:8      | Found Sampo's Specific Store.
  6914 | D:8      | Reached skill level 8 in Invocations
  6936 | D:8      | Reached XP level 11. HP: 86/99 MP: 17/17
  6977 | D:8      | Found a flagged portal.
  6985 | D:8      | Reached skill level 10 in Fighting
  6993 | Bailey   | Entered a bailey
  7015 | Bailey   | Noticed an orc knight
  7061 | Bailey   | Reached skill level 9 in Invocations
  7067 | Bailey   | Identified the ring of Piocsuq {*Slow rElec Int+6 Dex+4}
  7088 | Bailey   | Noticed an orc knight
  7090 | Bailey   | Identified the -2 quarterstaff "Plog" {venom, rCorr Int+4}
  7100 | Bailey   | Killed an orc knight
  7108 | Bailey   | Killed an orc knight
  7257 | Bailey   | Gained mutation: You are partially covered in iridescent
                  | scales. (AC +2) [potion of mutation]
  7257 | Bailey   | Gained mutation: Armour fits poorly on your strangely
                  | shaped body. [potion of mutation]
  7257 | Bailey   | Gained mutation: Your body sometimes deteriorates upon
                  | taking damage. [potion of mutation]
  7417 | D:8      | Found a stormy altar of Qazlal.
  7656 | D:8      | Reached ** piety under Nemelex Xobeh
  7676 | D:8      | Received a gift from Nemelex Xobeh
  7774 | D:8      | Reached skill level 10 in Invocations
  8275 | D:9      | Found Daboaten's Distillery.
  8330 | D:9      | Identified the +1 leather armour "Disueg" {Contam rCorr
                  | Str+5}
  8384 | D:9      | You fall into a shaft and drop 2 floors!
  8435 | D:11     | Noticed a cyclops
  8446 | D:11     | Killed a cyclops
  8586 | D:11     | HP: 5/101 [fire elemental[the fiery vengeance of Ignis]
                  | (11)]
  8588 | D:11     | HP: 2/101 [fire elemental[the fiery vengeance of Ignis]
                  | (9)]
  8622 | D:11     | You fall into a shaft and drop 1 floor!
  8622 | D:12     | Was forgiven by Ignis
  8664 | D:11     | Identified a scroll of acquirement
  8665 | D:11     | Acquired the +5 chain mail "Puesuank" {rC++}
  8786 | D:11     | Found a frozen archway.
  8788 | D:11     | Noticed an ice dragon
  8814 | D:11     | Reached skill level 1 in Shields
  8814 | D:11     | Reached skill level 11 in Invocations
  8837 | D:11     | Killed an ice dragon
  8856 | IceCv    | Entered an ice cave
  9535 | IceCv    | Reached XP level 12. HP: 83/110 MP: 20/20
  9611 | IceCv    | Reached skill level 5 in Shields
 10012 | D:11     | Found a staircase to the Orcish Mines.
 10176 | D:11     | Identified the +7 dagger of Beyond {vamp, rElec rC+ Int+4}
 10284 | D:11     | Noticed a two-headed ogre
 10292 | D:11     | Killed a two-headed ogre
 10298 | D:11     | Reached *** piety under Nemelex Xobeh
 10466 | D:11     | Noticed a two-headed ogre
 10473 | D:11     | Killed a two-headed ogre
 11227 | D:12     | Noticed a boulder beetle
 11269 | D:12     | Killed a boulder beetle
 11270 | D:12     | Reached skill level 10 in Armour
 11270 | D:12     | Reached skill level 12 in Invocations
 11417 | D:12     | Reached XP level 13. HP: 108/117 MP: 22/22
 11839 | D:9      | Bought the +2 hat of the Bear Spirit {Spirit, *Rage Will++}
                  | for 488 gold pieces
 11839 | D:9      | Found the +2 hat of the Bear Spirit {Spirit, *Rage Will++}
 11938 | D:9      | Found Jatimuan's Jewellery Shop.
 11941 | D:9      | Bought the amulet of the Pharaoh's Fist {Faith Regen+
                  | Str+5} for 920 gold pieces
 11954 | D:9      | Received a gift from Nemelex Xobeh
 11963 | D:9      | Found a hide-covered altar of Uskayaw.
 12071 | D:9      | Found Fumosch's Weapon Shoppe.
 12149 | D:9      | Found Oloatz's Jewellery Shop.
 12225 | D:9      | Reached **** piety under Nemelex Xobeh
 12452 | D:9      | Found a staircase to the Lair.
 12588 | D:13     | Found a gate leading to a gauntlet.
 12597 | Gauntlet | Entered a Gauntlet
 12597 | Gauntlet | Found a transporter.
 12597 | Gauntlet | Found a transporter.
 12599 | Gauntlet | Found a transporter.
 12601 | Gauntlet | Found a transporter.
 12606 | Gauntlet | Found a transporter.
 12606 | Gauntlet | Found a transporter.
 12608 | Gauntlet | Received a gift from Nemelex Xobeh
 12621 | Gauntlet | Found a transporter.
 12622 | Gauntlet | Found a transporter.
 12636 | Gauntlet | Found a transporter.
 12744 | Gauntlet | Found a transporter.
 12746 | Gauntlet | Found a transporter.
 12758 | Gauntlet | Found a transporter.
 12918 | Gauntlet | Identified the +1 pair of gloves of Resonance {Dex+2
                  | Stlth+}
 12983 | Gauntlet | Identified the +7 flail of Baixifon {antimagic, rCorr}
 12983 | Gauntlet | Noticed a minotaur
 12991 | Gauntlet | Killed a minotaur
 12992 | Gauntlet | Reached skill level 13 in Invocations
 13072 | Gauntlet | Got Sif Muna's Vellum of Direction and the Rocks
 13274 | D:13     | Noticed Maurice
 13280 | D:13     | Killed Maurice
 13556 | Lair:1   | Entered Level 1 of the Lair of Beasts
 13556 | Lair:1   | Noticed Fannar
 13565 | Lair:1   | Killed Fannar
 13592 | Lair:1   | Acquired 701 gold pieces
 14192 | Lair:1   | Reached ***** piety under Nemelex Xobeh
 14192 | Lair:1   | Received a gift from Nemelex Xobeh
 14234 | Lair:1   | Noticed Erica
 14252 | Lair:1   | Killed Erica
 14617 | Lair:1   | Reached skill level 14 in Invocations
 14794 | Lair:1   | Identified the +4 whip of Judgement {protect, rPois rF+
                  | Dex+2}
 15353 | Lair:2   | Reached XP level 14. HP: 92/130 MP: 16/24
 15802 | Lair:2   | Received a gift from Nemelex Xobeh
 16821 | Lair:3   | Noticed Gastronok
 16833 | Lair:3   | Killed Gastronok
 16881 | Lair:3   | Found a hole to the Spider Nest.
 17036 | Lair:3   | Found a staircase to the Shoals.
 17129 | Lair:3   | Reached skill level 15 in Invocations
 17212 | Lair:3   | Received a gift from Nemelex Xobeh
 17774 | Lair:4   | Received a gift from Nemelex Xobeh
 17884 | Lair:4   | Reached ****** piety under Nemelex Xobeh
 17982 | Lair:4   | Noticed Nessos
 18031 | Lair:4   | Killed Nessos
 18292 | Lair:4   | Received a gift from Nemelex Xobeh
 18431 | Lair:4   | Found a staircase to the Slime Pits.
 18780 | Lair:5   | Entered Level 5 of the Lair of Beasts
 18786 | Lair:5   | Reached skill level 5 in Dodging
 18990 | Lair:5   | Received a gift from Nemelex Xobeh
 19278 | Lair:5   | Reached skill level 15 in Fighting
 19482 | Lair:5   | Received a gift from Nemelex Xobeh
 19659 | Lair:5   | Identified the +3 buckler of Foolhardiness {Dex+3}
 19700 | Lair:5   | Reached XP level 15. HP: 141/141 MP: 26/26
 19730 | Lair:5   | Paralysed by a hornet for 2 turns
 19907 | Lair:5   | Received a gift from Nemelex Xobeh
 20091 | Lair:5   | Reached skill level 16 in Invocations
 20417 | Orc:1    | Entered Level 1 of the Orcish Mines
 20432 | Orc:1    | Reached skill level 15 in Axes
 20580 | Orc:2    | Entered Level 2 of the Orcish Mines
 20633 | Orc:2    | Received a gift from Nemelex Xobeh
 20651 | Orc:1    | Found a roughly hewn altar of Beogh.
 20955 | Orc:2    | Found a roughly hewn altar of Beogh.
 20972 | Orc:2    | Found a staircase to the Elven Halls.
 21282 | Orc:2    | Found a roughly hewn altar of Beogh.
 21396 | Orc:2    | Received a gift from Nemelex Xobeh
 21646 | Orc:2    | Found a roughly hewn altar of Beogh.
 21653 | Orc:2    | Found Kufantev's Antique Weapon Shoppe.
 21892 | Orc:2    | Noticed an orc warlord
 21906 | Orc:2    | Killed an orc warlord
 21907 | Orc:2    | Found Zeucanom's Antique Weapon Boutique.
 22008 | Orc:2    | Found a roughly hewn altar of Beogh.
 22008 | Orc:2    | Found Vogeelib's Book Emporium.
 22045 | Orc:2    | Found a roughly hewn altar of Beogh.
 22210 | Orc:2    | Found a roughly hewn altar of Beogh.
 22213 | Orc:2    | Found Vagrofoz's Antique Armour Shop.
 22817 | D:13     | Received a gift from Nemelex Xobeh
 22957 | D:13     | Noticed Urug
 22971 | D:13     | Killed Urug
 23564 | D:13     | Noticed a storm dragon
 23575 | D:13     | Killed a storm dragon
 24023 | D:14     | Found a roughly hewn altar of Beogh.
 24111 | D:14     | Reached skill level 17 in Invocations
 24314 | D:14     | Found a gate to the Vaults.
 24626 | D:14     | Received a gift from Nemelex Xobeh
 24680 | D:14     | Found Teitwasto's Assorted Antiques.
 25049 | D:15     | Entered Level 15 of the Dungeon
 25324 | D:15     | Reached XP level 16. HP: 152/152 MP: 25/28
 25572 | D:15     | Found Hijos's Book Emporium.
 25763 | D:15     | Received a gift from Nemelex Xobeh
 25927 | D:15     | Found a staircase to the Depths.
 26305 | Spider:1 | Entered Level 1 of the Spider Nest
 26851 | Spider:1 | Reached skill level 15 in Armour
 27316 | Spider:1 | Reached skill level 18 in Invocations
 27798 | Spider:1 | Received a gift from Nemelex Xobeh
 28634 | Spider:2 | Received a gift from Nemelex Xobeh
 28859 | Spider:2 | Reached XP level 17. HP: 135/163 MP: 30/30
 29548 | Spider:3 | Gained mutation: Your body often deteriorates upon taking
                  | damage. [mutagenic glow]
 30102 | Spider:3 | Received a gift from Nemelex Xobeh
 30209 | Spider:4 | Entered Level 4 of the Spider Nest
 30694 | Spider:4 | Reached skill level 19 in Invocations
 31045 | Spider:4 | Received a gift from Nemelex Xobeh
 31867 | Spider:4 | Got a gossamer rune of Zot
 31898 | Spider:4 | Lost mutation: Your body often deteriorates upon taking
                  | damage. [potion of mutation]
 31898 | Spider:4 | Lost mutation: Your body sometimes deteriorates upon taking
                  | damage. [potion of mutation]
 31898 | Spider:4 | Lost mutation: Armour fits poorly on your strangely shaped
                  | body. [potion of mutation]
 31898 | Spider:4 | Gained mutation: You are strong-willed. (Will+) [potion of
                  | mutation]
 31937 | Spider:4 | Reached skill level 1 in Evocations
 32361 | Shoals:1 | Entered Level 1 of the Shoals
 32519 | Shoals:1 | Noticed a kraken
 32551 | Shoals:1 | Killed a kraken
 32808 | Shoals:1 | Received a gift from Nemelex Xobeh
 33131 | Shoals:1 | Noticed Frances
 33151 | Shoals:1 | Killed Frances
 33325 | Shoals:1 | Reached XP level 18. HP: 174/174 MP: 29/31
 33389 | Shoals:1 | Received a gift from Nemelex Xobeh
 33826 | Shoals:2 | Found Nudur's Antique Armour Shop.
 33858 | Shoals:2 | Bought a twisted helmet for 209 gold pieces
 33858 | Shoals:2 | Identified the +1 helmet "Icoddura" {rC+ Will+ Int+3} (You
                  | bought it in a shop on level 2 of the Shoals)
 33858 | Shoals:2 | Bought a pair of jewelled boots for 209 gold pieces
 33858 | Shoals:2 | Identified the +2 pair of boots "Bobaf" {Regen+ Slay+3}
                  | (You bought it in a shop on level 2 of the Shoals)
 33899 | Shoals:2 | Received a gift from Nemelex Xobeh
 33981 | Shoals:2 | Noticed Kirke
 33986 | Shoals:2 | Reached skill level 20 in Invocations
 33997 | Shoals:2 | Killed Kirke
 34596 | Abyss:2  | Received a gift from Nemelex Xobeh
 34596 | Abyss:2  | Cast into level 2 of the Abyss (merfolk)
 34783 | Abyss:2  | Received a gift from Nemelex Xobeh
 34921 | Abyss:2  | Received a gift from Nemelex Xobeh
 34964 | Shoals:2 | Escaped the Abyss
 35338 | Shoals:3 | Noticed Polyphemus
 35351 | Shoals:3 | Killed Polyphemus
 35375 | Shoals:3 | Noticed Ilsuiw
 35428 | Shoals:3 | Identified the +7 plate armour of Rotation {rF+ Dex+4
                  | Slay+3}
 35564 | Shoals:3 | Killed Ilsuiw
 35767 | Shoals:3 | Received a gift from Nemelex Xobeh
 36081 | Shoals:4 | Entered Level 4 of the Shoals
 36166 | Shoals:4 | Reached XP level 19. HP: 184/184 MP: 33/33
 36226 | Shoals:4 | Got a barnacled rune of Zot
 36269 | Shoals:4 | Found Lahaghapt's Armour Shoppe.
 36726 | Shoals:4 | Reached skill level 21 in Invocations
 36907 | Shoals:4 | Received a gift from Nemelex Xobeh
 37272 | Shoals:4 | Reached skill level 5 in Evocations
 37805 | Elf:1    | Entered Level 1 of the Elven Halls
 37836 | Elf:1    | Noticed Jorgrun
 37842 | Elf:1    | Killed Jorgrun
 37931 | Elf:1    | Received a gift from Nemelex Xobeh
 38009 | Elf:1    | Received a gift from Nemelex Xobeh
 38367 | Elf:1    | Received a gift from Nemelex Xobeh
 38855 | Elf:2    | Found Kavihijy's Jewellery Shoppe.
 38877 | Elf:2    | Noticed Zenata
 38904 | Elf:2    | Killed Zenata
 38971 | Elf:2    | Found Jahuir's Weapon Shoppe.
 38971 | Elf:2    | Found Nieley's Antique Weapon Shop.
 38997 | Elf:2    | Noticed a Hell Sentinel
 38997 | Elf:2    | Noticed Saint Roka
 39004 | Elf:2    | Killed Saint Roka
 39029 | Elf:2    | Reached XP level 20. HP: 77/195 MP: 30/34
 39117 | Elf:2    | Found a runed translucent gate.
 39119 | Elf:2    | Found a runed translucent gate.
 39119 | Elf:2    | Found a runed translucent gate.
 39155 | Elf:2    | Received a gift from Nemelex Xobeh
 39383 | Elf:2    | Reached skill level 22 in Invocations
 39434 | Elf:2    | Noticed Nikola
 39446 | Elf:2    | Killed Nikola
 40207 | Elf:2    | Paralysed by an air elemental for 1 turns
 40317 | Elf:3    | Entered Level 3 of the Elven Halls
 40317 | Elf:3    | Received a gift from Nemelex Xobeh
 40627 | Elf:3    | Identified the ring "Picyutor" {rF+ rN+ Will+++ Str-2
                  | Slay+3}
 40710 | Elf:3    | Identified the ring "Ciger" {Ice SInv}
 40719 | Elf:3    | Killed from afar by a deep elf zephyrmancer

Illustrated notes

Levels and vault maps discovered:
D:1:      wander_arrival_chamber, layout_loops_cross, serial_shops,
          nicolae_shop_hallway_plus, chequers_decorated_corner
D:2:      layout_loops_cross, dreamdust_ecumenical_altar_angels_and_demons
D:3:      layout_basic, riverfiend_overflow_shadow_ancestor,
          mainiacjoe_overflow_tiny_flanked, uniq_natasha, uniq_ijyb
D:4:      layout_basic, enter_ossuary_3, biasface_ghost_orc_armoury
D:5:      layout_basic, uniq_sigmund
D:6:      layout_rooms, minmay_temple_entry_poolview, due_unseen_surprise,
          uniq_maggie, uniq_edmund, uniq_menkaure
D:7:      layout_loops_corners, mainiacjoe_overflow_24_doors, serial_shops,
          nicolae_shop_hallway_plus, roderic_roman_lattice, grunt_decor_fettered
D:8:      layout_gridville, mainiacjoe_overflow_alcove_2, enter_bailey_2,
          kennysheep_cross_room, st_stairs_12, nicolae_specific_store
D:9:      layout_rooms, nicolae_uskayaw_murder_on_the_dancefloor,
          lair_entry_dummy, serial_shops, kennysheep_mini,
          nicolae_take_the_stairs, shop, nicolae_shop_bloodbath_and_beyond,
          nicolae_shop_advertising_works [nicolae_subvault_shop_adworks]
D:10:     layout_roguey [special_room_orc], uniq_josephine
D:11:     layout_basic, hiddenorc1_lemuel,
          portal_ice_cave_entry_animals_and_master
D:12:     layout_basic, serial_undead, serial_undead_a, serial_undead_a,
          serial_undead_f, serial_undead_b
D:13:     nzn_winding_woodlands_cross [nzn_winding_woodlands_5x15_concentric,
          nzn_winding_woodlands_5x15_cabin, nzn_winding_woodlands_5x15_twine,
          nzn_winding_woodlands_5x15_lazy_stream,
          nzn_winding_woodlands_15x15_boxy_spiral], layout_long_grid,
          gauntlet_entry_generic, uniq_maurice, uniq_urug
D:14:     layout_basic, david_vaults_5, special_room [special_room_orc],
          kennysheep_boxes, serial_shops, nicolae_shop_trees,
          lightli_corner_chamber
D:15:     grunt_enter_depths_magical_seal, layout_basic,
          minmay_misc_feat_four_crosses, serial_shops, nicolae_shop_crystal
Temple:   minmay_temple_bridge_d
Lair:1:   layout_cellular_growth, minivault_11, serial_bayou_shore_a,
          grunt_megastairs_5, uniq_erica, uniq_fannar
Lair:2:   lemuel_slime, layout_long_grid, kennysheep_rathole,
          infiniplex_staircase_pool_2, serial_bayou_shore_b
Lair:3:   layout_regular_city, shoals_dummy_entry, spider_nest_entry_rubble,
          uniq_gastronok
Lair:4:   layout_gridlike, dpeg_slime_entry_enclosed, grunt_megastairs_4,
          uniq_nessos
Lair:5:   minmay_lair_end_enchanted_forest, layout_regular_city,
          lemuel_fruit_tree, grunt_megastairs_2, lemuel_fruit_fields
Shoals:1: layout_shoals, nicolae_shoals_lost_giant_amphitheater, uniq_frances
Shoals:2: argonaut_golden_fleece, layout_shoals, serial_shops, shop,
          st_sunken_huts, uniq_kirke
Shoals:3: layout_shoals, nicolae_shoals_drake_roost, uniq_ilsuiw,
          uniq_polyphemus
Shoals:4: shoals_end_simple, layout_shoals, serial_shops, shop,
          nicolae_shoals_aquamancer_cove
Spider:1: layout_spider_delve
Spider:2: layout_spider_delve, special_room [special_room_bee],
          nicolae_spider_baby_got_redback, hangedman_spider_tarantella_strand
Spider:3: layout_spider_delve
Spider:4: guppyfry_spider_rune, nicolae_spider_cling_ruins, nicolae_orb_island
Orc:1:    layout_caves, basic_altar
Orc:2:    grunt_orc_community_town_hall, layout_diamond_mine,
          grunt_orc_community_big_house_1, grunt_orc_community_big_house_2,
          grunt_orc_community_house_2, grunt_orc_community_house_2,
          grunt_orc_community_house_3, grunt_orc_community_house_1,
          grunt_orc_community_house_1
Elf:1:    eino_elf_arrival_sip, layout_onion_city, hangedman_elf_represent,
          uniq_jorgrun
Elf:2:    nicolae_elf_blades_crystal_corner, layout_geoelf_octagon,
          serial_shops, shop, nicolae_wooded_promenade,
          einodemon_barbed_minivault, uniq_zenata, uniq_saint_roka, uniq_nikola
Elf:3:    minmay_elf_hall_not_hex, layout_loops_corners, serial_aquarium,
          aquarium_bridge_long_joined [aquarium_subvault_wall,
          aquarium_subvault_bridge, aquarium_subvault_bridge,
          aquarium_subvault_bridge, aquarium_subvault_wall,
          aquarium_subvault_window], aquarium_bridge_straight
          [aquarium_subvault_bridge, aquarium_subvault_window,
          aquarium_subvault_bridge, aquarium_subvault_wall],
          aquarium_window_fake, aquarium_window_1, aquarium_window_1,
          aquarium_window_fake, aquarium_view_2c, aquarium_pool_1,
          nicolae_elf_free_trip_to_the_abyss

Skill      XL: |  1  2  3  4  5  6  7  8  9 10 11 12 13 14 15 16 17 18 19 20 |
---------------+-------------------------------------------------------------+-----
Fighting       | 4 5 8 9 11 13 15 16 17 18 19 20 21 | 21.2
Axes           | 5 6 7 8 9 11 14 15 16 17 18 | 18.9
Armour         | 2 6 8 9 10 12 13 14 15 16 17 18 19 | 19.2
Invocations    | 2 8 11 12 14 15 17 18 19 20 21 22 | 22.5
Shields        | 4 9 |  9.0
Dodging        | 3 4 5 6 7 8 9 |  9.8
Evocations     | 2 4 6 |  6.9
Spellcasting   | |  1.0
Fire Magic     | |  3.2

Action                   |  1- 3 |  4- 6 |  7- 9 | 10-12 | 13-15 | 16-18 | 19-21 || total
-------------------------+-------+-------+-------+-------+-------+-------+-------++-------
Melee: Hand axe          |   132 |   192 |   285 |   879 |   241 |       |       ||  1729
       Punch             |       |     2 |     4 |     3 |     1 |       |       ||    10
       Battleaxe         |       |       |       |       |   762 |  1165 |   279 ||  2206
       Executioner's axe |       |       |       |       |       |       |   270 ||   270
Invok: Foxfire Swarm     |       |     3 |     2 |       |       |       |       ||     5
       Fiery Armour      |       |     2 |     2 |       |       |       |       ||     4
       Draw Destruction  |       |       |       |    12 |    13 |    33 |    24 ||    82
       Draw Summoning    |       |       |       |     4 |     2 |     9 |     6 ||    21
       Deal Four         |       |       |       |       |     2 |     3 |     1 ||     6
       Triple Draw       |       |       |       |       |     1 |     5 |     1 ||     7
       Draw Escape       |       |       |       |       |     1 |       |       ||     1
Evoke: Wand              |       |       |     1 |    12 |     1 |    24 |     7 ||    45
       Box of beasts     |       |       |       |       |     1 |       |       ||     1
       Condenser vane    |       |       |       |       |       |     1 |     1 ||     2
  Use: Potion            |       |     2 |     2 |     5 |     1 |    14 |       ||    24
       Scroll            |       |     5 |     8 |    10 |     7 |     8 |     6 ||    44
 Stab: Distracted        |       |       |       |       |       |     1 |       ||     1
       Petrified         |       |       |       |       |       |       |     1 ||     1
       Confused          |       |       |       |       |       |       |     1 ||     1
Armor: Robe              |     5 |       |       |       |       |       |       ||     5
       Ring mail         |    50 |    37 |       |       |       |       |       ||    87
       Troll leather arm |       |    44 |    27 |       |       |       |       ||    71
       Skin              |       |     3 |    33 |       |       |       |       ||    36
       Scale mail        |       |       |   104 |   176 |       |       |       ||   280
       Chain mail        |       |       |       |   302 |   798 |   872 |       ||  1972
       Plate armour      |       |       |       |       |       |   146 |   432 ||   578
Dodge: Dodged            |    46 |   102 |   110 |   272 |   559 |   716 |   290 ||  2095
Block: Kite shield       |       |       |       |   192 |   118 |       |       ||   310

Table legend: (Time is in decaauts)
 A = Elapsed time spent in this place.
 B = Non-inter-level travel time spent in this place.
 C = Inter-level travel time spent in this place.
 D = Time resting spent in this place.
 E = Time spent auto-exploring this place.
 F = Levels seen in this place.
 G = Mean time per level.
                   A        B        C        D        E       F      G
               +--------+--------+--------+--------+--------+-----+--------+
         Total |  41233 |  37717 |   3516 |   8584 |  19925 |  39 | 1057.3 |
       Dungeon |  15449 |  13617 |   1832 |   1549 |   8977 |  15 | 1029.9 |
        Temple |    175 |     67 |    108 |      0 |     62 |   1 |  175.0 |
          Lair |   7007 |   6357 |    650 |   1795 |   3689 |   5 | 1401.4 |
        Shoals |   5192 |   4893 |    299 |   1477 |   2059 |   4 | 1298.0 |
   Spider Nest |   5674 |   5417 |    257 |   2115 |   2166 |   4 | 1418.5 |
  Orcish Mines |   2322 |   1991 |    331 |    658 |   1037 |   2 | 1161.0 |
   Elven Halls |   2886 |   2849 |     37 |    567 |   1315 |   3 |  962.0 |
         Abyss |    382 |    382 |      0 |     25 |      0 |   1 |  382.0 |
       Ossuary |    201 |    201 |      0 |      0 |     78 |   1 |  201.0 |
        Bailey |    331 |    331 |      0 |      0 |    176 |   1 |  331.0 |
      Ice Cave |   1046 |   1046 |      0 |    341 |    247 |   1 | 1046.0 |
      Gauntlet |    562 |    562 |      0 |     53 |    117 |   1 |  562.0 |
               +--------+--------+--------+--------+--------+-----+--------+

Top non-repeatable levels by time:
    D:11: 2088 daAuts
Spider:4: 1995 daAuts
Shoals:1: 1792 daAuts
   Orc:2: 1730 daAuts
    D:13: 1691 daAuts
  Lair:1: 1675 daAuts
  Lair:2: 1606 daAuts
   Elf:2: 1502 daAuts
Shoals:4: 1470 daAuts
  Lair:5: 1432 daAuts
Spider:2: 1338 daAuts
Spider:1: 1328 daAuts
Shoals:2: 1199 daAuts
    D:14: 1167 daAuts
  Lair:4: 1154 daAuts
